A
EUGENE STING @ LITTLE ROCK TRAVELERS
08/17/2059
 
TOP OF THE 1ST
Eugene Sting batting - Pitching for Little Rock Travelers : RHP Peter Nuckolls
Pitching: RHP Peter Nuckolls
Batting: RHB Trever Leach 0-0: Ball
1-0: Ball
2-0: Ball
3-0: Base on Balls
Batting: SHB Detwon Ayala 0-0: Hit by Pitch
Trever Leach to second
Batting: LHB Dominick Hanneken 0-0: Ball
1-0: Swinging Strike
1-1: Ball
2-1: Ball
3-1: SINGLE (Line Drive, 4D, EV 102.5 MPH)
Trever Leach to third
Detwon Ayala to second
Batting: RHB Martin Robbins 0-0: Ball
1-0: Ball
2-0: Foul Ball, location: 2F
2-1: SINGLE (Flyball, 9LS, EV 91.2 MPH)
Trever Leach scores
Detwon Ayala to third
Dominick Hanneken to second
Batting: RHB DeJohn Thuan 0-0: Swinging Strike
0-1: Foul Ball, location: 2F
0-2: Ball
1-2: Fielders Choice at 2nd, 6-4 (Groundball, 6M, EV 103.8 MPH)
Detwon Ayala scores
Dominick Hanneken to third
Batting: RHB Michael Trautvetter 0-0: Called Strike
DeJohn Thuan is caught stealing 2nd base 2-4
0-1: Foul Ball, location: 2F
0-2: Ball
1-2: Ground out 6-3 (Groundball, 56D, EV 89.4 MPH)
Top of the 1st over - 2 runs, 2 hits, 0 errors, 1 left on base; Eugene 2 - Little Rock 0
BOTTOM OF THE 1ST
Little Rock Travelers batting - Pitching for Eugene Sting : RHP Cam Moody
Pitching: RHP Cam Moody
Batting: LHB Sanford Davis 0-0: Foul Ball, location: 2F
0-1: Called Strike
0-2: Ball
1-2: Strikes out swinging
Batting: RHB Tyson Axtell 0-0: Ground out 1-3 (Groundball, 15S, EV 69.4 MPH)
Batting: RHB Joseph Skehan 0-0: Called Strike
0-1: Called Strike
0-2: Ball
1-2: Ball
2-2: Strikes out swinging
Bottom of the 1st over - 0 runs, 0 hits, 0 errors, 0 left on base; Eugene 2 - Little Rock 0
TOP OF THE 2ND
Eugene Sting batting - Pitching for Little Rock Travelers : RHP Peter Nuckolls
Batting: RHB Damon Bartone 0-0: Ball
1-0: Foul Ball, location: 2F
1-1: Called Strike
1-2: Ball
2-2: Ball
3-2: Base on Balls
Batting: SHB Shiloh Blanchard 0-0: Called Strike
0-1: Foul Ball, location: 2F
0-2: Foul Ball, location: 2F
0-2: Ball
1-2: SINGLE (Groundball, 3D, EV 93.8 MPH)
Damon Bartone to second
Runner from 2nd tries for 3rd, OUT! 9-5
Shiloh Blanchard to second
Batting: RHB Tyson Stough 0-0: Called Strike
0-1: Ball
1-1: Foul Ball, location: 2F
1-2: Ball
2-2: Strikes out swinging
Batting: RHB Trever Leach 0-0: Called Strike
0-1: SINGLE (Groundball, 56D, EV 101.9 MPH)
Shiloh Blanchard to third
Runner from 3rd tries for Home, SAFE, throw by LF to home
Batting: SHB Detwon Ayala 0-0: Foul Ball, location: 2F
0-1: Foul Ball, location: 2F
0-2: Ball
1-2: Fielders Choice at 2nd, 6-4 (Groundball, 6, EV 78.8 MPH)
Top of the 2nd over - 1 run, 2 hits, 0 errors, 1 left on base; Eugene 3 - Little Rock 0
BOTTOM OF THE 2ND
Little Rock Travelers batting - Pitching for Eugene Sting : RHP Cam Moody
Batting: RHB Cody Tolley 0-0: Ball
1-0: Foul Ball, location: 2F
1-1: Ball
2-1: Swinging Strike
2-2: Ball
3-2: Ground out 1-3 (Groundball, 15S, EV 67.5 MPH)
Batting: RHB Shannon Cox 0-0: Ball
1-0: Foul Ball, location: 2F
1-1: Ball
2-1: Swinging Strike
2-2: Fly out, F9 (Line Drive, 9, EV 91.9 MPH)
Batting: RHB J.R. Foley 0-0: Called Strike
0-1: Ball
1-1: Swinging Strike
1-2: Strikes out swinging
Bottom of the 2nd over - 0 runs, 0 hits, 0 errors, 0 left on base; Eugene 3 - Little Rock 0
TOP OF THE 3RD
Eugene Sting batting - Pitching for Little Rock Travelers : RHP Peter Nuckolls
Batting: LHB Dominick Hanneken 0-0: Called Strike
0-1: Ball
1-1: Fly out, F9 (Flyball, 9S, EV 88.1 MPH)
Batting: RHB Martin Robbins 0-0: Called Strike
0-1: Ball
1-1: Foul Ball, location: 2F
1-2: Ball
2-2: Strikes out looking
Batting: RHB DeJohn Thuan 0-0: Foul Ball, location: 2F
0-1: Foul Ball, location: 2F
0-2: Foul Ball, location: 2F
0-2: Strikes out swinging
Top of the 3rd over - 0 runs, 0 hits, 0 errors, 0 left on base; Eugene 3 - Little Rock 0
BOTTOM OF THE 3RD
Little Rock Travelers batting - Pitching for Eugene Sting : RHP Cam Moody
Batting: RHB Mason Eubanks 0-0: Ball
1-0: Called Strike
1-1: Called Strike
1-2: Strikes out swinging
Batting: SHB Skylar Cirigliano 0-0: Called Strike
0-1: Ground out 4-3 (Groundball, 34D, EV 90.6 MPH)
Batting: LHB Chandler Allen 0-0: Foul Ball, location: 2F
0-1: Called Strike
0-2: Ball
1-2: Strikes out swinging, 2-3 out at first.
Bottom of the 3rd over - 0 runs, 0 hits, 0 errors, 0 left on base; Eugene 3 - Little Rock 0
TOP OF THE 4TH
Eugene Sting batting - Pitching for Little Rock Travelers : RHP Peter Nuckolls
Batting: RHB Michael Trautvetter 0-0: Ball
1-0: SOLO HOME RUN (Flyball, 9D, EV 95.6 MPH), Distance : 349 ft
Batting: RHB Damon Bartone 0-0: Ball
1-0: Called Strike
1-1: Fly out, F9 (Flyball, 9, EV 86.9 MPH)
Batting: SHB Shiloh Blanchard 0-0: Swinging Strike
0-1: Ball
1-1: Ball
2-1: Swinging Strike
2-2: SINGLE (Line Drive, 9S, EV 94.4 MPH)
Batting: RHB Tyson Stough 0-0: Called Strike
0-1: Ball
1-1: Ball
2-1: Ball
3-1: Swinging Strike
3-2: Strikes out swinging
Batting: RHB Trever Leach 0-0: Fly out, F7 (Flyball, 7, EV 91.2 MPH)
Top of the 4th over - 1 run, 2 hits, 0 errors, 1 left on base; Eugene 4 - Little Rock 0
BOTTOM OF THE 4TH
Little Rock Travelers batting - Pitching for Eugene Sting : RHP Cam Moody
Batting: LHB Sanford Davis 0-0: Ball
1-0: Ball
2-0: Called Strike
2-1: Ball
3-1: Swinging Strike
3-2: SINGLE (Groundball, 4MS, EV 70.0 MPH) (infield hit)
Batting: RHB Tyson Axtell 0-0: Called Strike
0-1: Ball
1-1: Swinging Strike
1-2: SINGLE (Line Drive, 56D, EV 100.0 MPH)
Sanford Davis to second
Batting: RHB Joseph Skehan 0-0: Ball
1-0: Ball
2-0: Swinging Strike
2-1: Ball
3-1: Swinging Strike
3-2: Strikes out swinging
Batting: RHB Cody Tolley 0-0: Called Strike
0-1: Foul Ball, location: 2F
0-2: Strikes out swinging
Batting: RHB Shannon Cox 0-0: Swinging Strike
0-1: Called Strike
0-2: Ball
1-2: Ball
2-2: Strikes out swinging
Bottom of the 4th over - 0 runs, 2 hits, 0 errors, 2 left on base; Eugene 4 - Little Rock 0
TOP OF THE 5TH
Eugene Sting batting - Pitching for Little Rock Travelers : RHP Peter Nuckolls
Batting: SHB Detwon Ayala 0-0: Foul Ball, location: 2F
0-1: Called Strike
0-2: Foul Ball, location: 2F
0-2: Ball
1-2: Ground out 4-3 (Groundball, 4S, EV 80.6 MPH)
Batting: LHB Dominick Hanneken 0-0: Called Strike
0-1: Ball
1-1: SINGLE (Line Drive, 8LS, EV 86.9 MPH)
Batting: RHB Martin Robbins 0-0: Called Strike
0-1: Ball
1-1: Called Strike
1-2: Grounds into double play, 4-6-3 (Groundball, 4, EV 105.6 MPH)
Top of the 5th over - 0 runs, 1 hit, 0 errors, 0 left on base; Eugene 4 - Little Rock 0
BOTTOM OF THE 5TH
Little Rock Travelers batting - Pitching for Eugene Sting : RHP Cam Moody
Batting: RHB J.R. Foley 0-0: Ball
1-0: Foul Ball, location: 2F
1-1: Ground out 5-3 (Groundball, 5S, EV 85.6 MPH)
Batting: RHB Mason Eubanks 0-0: SINGLE (Groundball, 34D, EV 98.1 MPH)
Batting: SHB Skylar Cirigliano 0-0: Ball
1-0: Called Strike
1-1: Grounds out, U3 (Groundball, 3L, EV 107.5 MPH)
Batting: LHB Chandler Allen 0-0: Swinging Strike
0-1: Foul Ball, location: 2F
0-2: DOUBLE (Line Drive, 89D, EV 100.0 MPH)
Mason Eubanks scores
Batting: LHB Sanford Davis 0-0: Ball
1-0: Swinging Strike
1-1: Swinging Strike
1-2: Ball
2-2: Strikes out looking
Bottom of the 5th over - 1 run, 2 hits, 0 errors, 1 left on base; Eugene 4 - Little Rock 1
TOP OF THE 6TH
Eugene Sting batting - Pitching for Little Rock Travelers : RHP Peter Nuckolls
Batting: RHB DeJohn Thuan 0-0: Ball
1-0: Foul Ball, location: 2F
1-1: Ground out 5-3 (Groundball, 56, EV 78.1 MPH)
Batting: RHB Michael Trautvetter 0-0: Fly out, F7 (Line Drive, 7LM, EV 101.2 MPH)
Batting: RHB Damon Bartone 0-0: Called Strike
0-1: Ball
1-1: Called Strike
1-2: Strikes out looking
Top of the 6th over - 0 runs, 0 hits, 0 errors, 0 left on base; Eugene 4 - Little Rock 1
BOTTOM OF THE 6TH
Little Rock Travelers batting - Pitching for Eugene Sting : RHP Cam Moody
Batting: RHB Tyson Axtell 0-0: Ball
1-0: Ball
2-0: Fly out, F9 (Flyball, 89D, EV 86.9 MPH)
Batting: RHB Joseph Skehan 0-0: Ball
1-0: Foul Ball, location: 2F
1-1: Swinging Strike
1-2: Strikes out swinging
Batting: RHB Cody Tolley 0-0: Swinging Strike
0-1: Foul Ball, location: 2F
0-2: Foul Ball, location: 2F
0-2: Ball
1-2: SINGLE (Flyball, 8RS, EV 86.9 MPH)
Batting: RHB Shannon Cox 0-0: Called Strike
Cody Tolley is caught stealing 2nd base 2-4
Bottom of the 6th over - 0 runs, 1 hit, 0 errors, 0 left on base; Eugene 4 - Little Rock 1
TOP OF THE 7TH
Eugene Sting batting - Pitching for Little Rock Travelers : RHP Peter Nuckolls
Pitching: RHP Tyshawn McKen
Batting: SHB Shiloh Blanchard 0-0: Ball
1-0: Ball
2-0: SINGLE (Groundball, 34D, EV 95.0 MPH)
Batting: RHB Tyson Stough 0-0: Ball
1-0: Foul Ball, location: 2F
1-1: Hit by Pitch
Shiloh Blanchard to second
Batting: RHB Trever Leach 0-0: Bunted foul
0-1: Sac Bunt to 15 - play at first, batter OUT! 1-4
Shiloh Blanchard to third
Tyson Stough to second
Batting: SHB Detwon Ayala 0-0: Called Strike
0-1: DOUBLE (Line Drive, 78D, EV 104.4 MPH)
Shiloh Blanchard scores
Tyson Stough scores
Batting: LHB Dominick Hanneken 0-0: Ball
1-0: Foul Ball, location: 2F
1-1: Called Strike
1-2: Foul Ball, location: 2F
1-2: Reached on error, E4 (Groundball, 13, EV 90.6 MPH)
Detwon Ayala to third
Batting: RHB Martin Robbins 0-0: Swinging Strike
0-1: Ball
1-1: Swinging Strike
1-2: Strikes out looking
Batting: RHB DeJohn Thuan 0-0: Fly out, F7 (Flyball, 7S, EV 96.2 MPH)
Top of the 7th over - 2 runs, 2 hits, 1 error, 2 left on base; Eugene 6 - Little Rock 1
BOTTOM OF THE 7TH
Little Rock Travelers batting - Pitching for Eugene Sting : RHP Cam Moody
Batting: RHB Shannon Cox 0-0: Foul Ball, location: 2F
0-1: Ball
1-1: Foul Ball, location: 2F
1-2: Fly out, F9 (Flyball, 89M, EV 93.1 MPH)
Pitching: RHP Evan Monticello
Batting: RHB J.R. Foley 0-0: Called Strike
0-1: Ball
1-1: Ball
2-1: Swinging Strike
2-2: Foul Ball, location: 2F
2-2: Foul Ball, location: 2F
2-2: Strikes out swinging
Batting: RHB Mason Eubanks 0-0: Called Strike
0-1: Called Strike
0-2: Ball
1-2: Ball
2-2: Foul Ball, location: 2F
2-2: Ground out 5-3 (Groundball, 56, EV 105.6 MPH)
Bottom of the 7th over - 0 runs, 0 hits, 0 errors, 0 left on base; Eugene 6 - Little Rock 1
TOP OF THE 8TH
Eugene Sting batting - Pitching for Little Rock Travelers : RHP Tyshawn McKen
Batting: RHB Michael Trautvetter 0-0: Ball
1-0: Ball
2-0: Swinging Strike
2-1: Ball
3-1: SINGLE (Line Drive, 3D, EV 95.0 MPH)
Batting: RHB Damon Bartone 0-0: Ball
1-0: Foul Ball, location: 2F
1-1: Reached on error, E7 (Line Drive, 78M, EV 95.0 MPH)
Michael Trautvetter to second
Batting: SHB Shiloh Blanchard 0-0: Ball
1-0: SINGLE (Groundball, 4MD, EV 93.8 MPH)
Michael Trautvetter to third
Damon Bartone to second
Batting: RHB Tyson Stough 0-0: Called Strike
0-1: Ball
1-1: DOUBLE (Line Drive, 78D, EV 112.5 MPH)
Michael Trautvetter scores
Damon Bartone scores
Shiloh Blanchard to third
Pinch Hitting: RHB Jaaron Alcantar 0-0: Foul Ball, location: 2F
0-1: Ball
1-1: Ball
2-1: Ball
3-1: Base on Balls
Pinch Hitting: RHB Carmen Adzovic 0-0: Ball
1-0: Swinging Strike
1-1: GRAND SLAM HOME RUN (Flyball, 7D, EV 92.5 MPH), Distance : 338 ft
Pitching: RHP Andrew McKinney
Batting: LHB Dominick Hanneken 0-0: Called Strike
0-1: Swinging Strike
0-2: Strikes out swinging
Batting: RHB Martin Robbins 0-0: Called Strike
0-1: Ball
1-1: Ball
2-1: Fly out, F8 (Flyball, 8LD, EV 105.0 MPH)
Batting: RHB DeJohn Thuan 0-0: Called Strike
0-1: Ball
1-1: Swinging Strike
1-2: SOLO HOME RUN (Flyball, 78XD, EV 97.5 MPH), Distance : 373 ft
Batting: RHB Michael Trautvetter 0-0: Foul Ball, location: 2F
0-1: Ball
1-1: Foul Ball, location: 2F
1-2: DOUBLE (Groundball, 5L, EV 104.4 MPH)
Batting: RHB Damon Bartone 0-0: Ball
1-0: Fly out, F4 (Popup, 3S, EV 74.4 MPH)
Top of the 8th over - 7 runs, 6 hits, 1 error, 1 left on base; Eugene 13 - Little Rock 1
BOTTOM OF THE 8TH
Little Rock Travelers batting - Pitching for Eugene Sting : RHP Evan Monticello
Now at 2B: Ronnie Luong
Now at 3B: Jaleen Edgell
Batting: SHB Skylar Cirigliano 0-0: Ball
1-0: Swinging Strike
1-1: Swinging Strike
1-2: Ball
2-2: Ball
3-2: Strikes out swinging, 2-3 out at first.
Batting: LHB Chandler Allen 0-0: Ball
1-0: Ball
2-0: Ball
3-0: Base on Balls
Batting: LHB Sanford Davis 0-0: Grounds into double play, 6-4-3 (Groundball, 6, EV 78.1 MPH)
Bottom of the 8th over - 0 runs, 0 hits, 0 errors, 0 left on base; Eugene 13 - Little Rock 1
TOP OF THE 9TH
Eugene Sting batting - Pitching for Little Rock Travelers : RHP Andrew McKinney
Batting: SHB Shiloh Blanchard 0-0: Ball
1-0: Ball
2-0: Ball
3-0: Base on Balls
Batting: RHB Tyson Stough 0-0: Grounds into double play, 5-4-3 (Groundball, 56S, EV 91.2 MPH)
Batting: LHB Jaleen Edgell 0-0: Ball
1-0: Ball
2-0: Ball
3-0: Called Strike
3-1: Swinging Strike
3-2: Base on Balls
Batting: RHB Ronnie Luong 0-0: Swinging Strike
0-1: Ball
1-1: Foul Ball, location: 2F
1-2: Foul Ball, location: 2F
1-2: Strikes out looking
Top of the 9th over - 0 runs, 0 hits, 0 errors, 1 left on base; Eugene 13 - Little Rock 1
BOTTOM OF THE 9TH
Little Rock Travelers batting - Pitching for Eugene Sting : RHP Evan Monticello
Batting: RHB Tyson Axtell 0-0: SINGLE (Line Drive, 34D, EV 108.8 MPH)
Batting: RHB Joseph Skehan 0-0: Ball
1-0: Ball
2-0: Ball
3-0: Base on Balls
Tyson Axtell to second
Batting: RHB Cody Tolley 0-0: Ball
1-0: Foul Ball, location: 2F
1-1: Ball
2-1: Foul Ball, location: 2F
2-2: Ball
Wild Pitch!
Tyson Axtell to third
Joseph Skehan to second
3-2: Strikes out looking
Pinch Hitting: LHB Romello Velazquez 0-0: Ball
1-0: Ball
2-0: Called Strike
2-1: Ball
3-1: Base on Balls
Batting: RHB J.R. Foley 0-0: Ball
1-0: Fly out, F9 (Flyball, 89M, EV 88.1 MPH)
Runner from 3rd tags up, SCORES, no throw by RF
Batting: RHB Mason Eubanks 0-0: Foul Ball, location: 2F
0-1: Called Strike
0-2: Strikes out looking
Bottom of the 9th over - 1 run, 1 hit, 0 errors, 2 left on base; Eugene 13 - Little Rock 2
Saturday, March 23rd , 2024 - OOTP Baseball 23.10 Build 110